 Dungeon Crawl Stone Soup version 0.17.1-3-g152610e (webtiles) character file.

444577 jacquesderrida the Warrior (level 21, -3/210 HPs)
             Began as a Demigod Necromancer on Apr 11, 2016.
             Slain by the Enchantress
             ... wielding a +1 lajatang of electrocution
              (11 damage)
             ... on level 2 of the Depths.
             The game lasted 03:16:29 (31297 turns).

jacquesderrida the Warrior (Demigod Necromancer)   Turns: 31297, Time: 03:16:29

Health: -3/210     AC: 33    Str: 15    XL:     21   Next: 47%
Magic:  43/46      EV: 26    Int: 29    God:
Gold:   3054       SH:  8    Dex: 33    Spells: 10 memorised, 6 levels left

rFire  + . .     SeeInvis .     E - +8 demon blade "Leech" {vamp, rN+ AC-2 EV-2 Str-2 Int-2 Dex-2}
rCold  + . .     Clarity  .     t - +11 scale mail "Vaddao" {rPois rF+ Stlth+}
rNeg   + + .     SustAt   +     o - +0 buckler {rC+}
rPois  +         Gourm    .     G - +1 helmet {Int+3}
rElec  +         Spirit   .     v - +2 cloak
rCorr  +         Warding  .     n - +2 pair of fencer's gloves {LBl+4 SBl+4 EV+3 Dex+6}
rMut   .         Stasis   .     p - +3 pair of boots "Umeikumi" {rN+ Stlth+}
MR     +++..                    x - amulet of Free Expression {rCorr rElec Int+4 Dex+3 Slay+2}
Stlth  ++++......               B - ring of Yruammy {*Contam rElec MP+9 Str-2 Int+5}
                                m - ring of protection from magic

@: about to teleport, very slightly contaminated, hasted, very quick, extremely
resistant to hostile enchantments, stealthy
A: talons 1, thin skeletal structure 1, agile 1, blurry vision 1, breathe flames
1, deterioration 1, high mp 1, robust 1, wild magic 1, sustain attributes,
MP-powered wands
a: Breathe Fire
}: 4/15 runes: serpentine, barnacled, slimy, silver


You were on level 2 of the Depths.
You were hungry.

You visited 9 branches of the dungeon, and saw 51 of its levels.
You visited the Abyss 1 time.
You visited 2 bazaars.
You also visited: Labyrinth, Bailey, Ice Cave, Volcano and Wizlab.

You collected 7628 gold pieces.
You spent 4574 gold pieces at shops.

Inventory:

Hand Weapons
 E - the +8 demon blade "Leech" (weapon) {vamp, rN+ AC-2 EV-2 Str-2 Int-2 Dex-2}
   (You found it in an ice cave)

   It inflicts no extra harm, but heals its wielder somewhat when it strikes a
   living foe.
   It affects your AC (-2).
   It affects your evasion (-2).
   It affects your strength (-2).
   It affects your intelligence (-2).
   It affects your dexterity (-2).
   It protects you from negative energy.
Missiles
 e - 4 throwing nets (quivered)
Armour
 f - the +2 helmet "Xiosuaqy" {rC- Regen+ Int+3}
   (You found it on level 3 of the Elven Halls)

   It affects your intelligence (+3).
   It makes you vulnerable to cold.
   It increases your rate of regeneration.
 g - the +9 chain mail of Duffurou {Regen+ Dex+2}
   (You found it on level 5 of the Vaults)

   It affects your dexterity (+2).
   It increases your rate of regeneration.
 n - the +2 pair of fencer's gloves (worn) {LBl+4 SBl+4 EV+3 Dex+6}
   (You found it on level 6 of the Pits of Slime)

   It affects your evasion (+3).
   It affects your dexterity (+6).
 o - a +0 buckler of cold resistance (worn)
 p - the +3 pair of boots "Umeikumi" (worn) {rN+ Stlth+}
   (You found it on level 3 of the Elven Halls)

   It protects you from negative energy.
   It makes you more stealthy.
 t - the +11 scale mail "Vaddao" (worn) {rPois rF+ Stlth+}
   (You bought it in a shop on level 1 of the Shoals)

   It protects you from fire.
   It protects you from poison.
   It makes you more stealthy.
 v - a +2 cloak (worn)
 G - a +1 helmet of intelligence (worn)
Jewellery
 b - an uncursed ring of protection from cold
 h - an uncursed amulet of resist mutation
 l - an uncursed ring of see invisible
 m - a ring of protection from magic (left hand)
 w - the amulet "Qabruq" {Gourm rN+ Slay+3}
   (You found it on level 6 of the Pits of Slime)

   [amulet of the gourmand]

   It allows you to eat raw meat even when not hungry.
   It affects your accuracy and damage with ranged weapons and melee attacks
   (+3).
   It protects you from negative energy.
 x - the amulet of Free Expression (around neck) {rCorr rElec Int+4 Dex+3 Slay+2}
   (You bought it in a shop on level 1 of the Elven Halls)

   [amulet of resist corrosion]

   It protects you from acid and corrosion.
   It affects your intelligence (+4).
   It affects your dexterity (+3).
   It affects your accuracy and damage with ranged weapons and melee attacks
   (+2).
   It insulates you from electricity.
 B - the ring of Yruammy (right hand) {*Contam rElec MP+9 Str-2 Int+5}
   (You found it on level 2 of the Lair of Beasts)

   [ring of intelligence]

   It affects your strength (-2).
   It affects your intelligence (+5).
   It insulates you from electricity.
   It affects your magic capacity (+9).
   It causes magical contamination when unequipped.
 M - an uncursed amulet of rage
 N - an uncursed ring of protection from fire
Wands
 J - a wand of disintegration (7)
 P - a wand of invisibility (4)
 S - a wand of teleportation (1)
Scrolls
 j - 6 scrolls of teleportation
 r - 4 scrolls of enchant weapon
 y - 4 scrolls of magic mapping
 z - 6 scrolls of summoning
 C - 5 scrolls of fog
 D - 7 scrolls of recharging
 Q - 4 scrolls of identify
 T - 13 scrolls of remove curse
 V - 2 scrolls of silence
 Y - 7 scrolls of enchant armour
 Z - 4 scrolls of blinking
Potions
 a - 2 potions of cure mutation
 d - 6 potions of berserk rage
 i - 4 potions of might
 k - 4 potions of resistance
 u - 4 potions of flight
 H - 3 potions of haste
 K - 12 potions of curing
 L - 4 potions of cancellation
 O - 4 potions of magic
 W - 3 potions of brilliance
Books
 s - a book of Enchantments

   Spells                             Type                      Level
   a - Cause Fear                     Hexes                        4
   b - Silence                        Hexes/Air                    5
   c - Deflect Missiles               Charms/Air                   6
   d - Haste                          Charms                       6
   e - Discord                        Hexes                        8
 F - a book of Unlife

   Spells                             Type                      Level
   a - Recall                         Summoning/Translocation      3
   b - Animate Dead                   Necromancy                   4
   c - Control Undead                 Necromancy                   4
   d - Cigotuvi's Embrace             Necromancy                   5
   e - Death Channel                  Necromancy                   6
   f - Simulacrum                     Ice/Necromancy               6
Miscellaneous
 U - a fan of gales
 X - a lamp of fire
Comestibles
 c - 19 bread rations
 q - a royal jelly
 A - a slice of pizza
 I - 19 meat rations


   Skills:
 + Level 17.1 Fighting
 + Level 16.8(20.8) Long Blades
   Level 2.2 Polearms
 + Level 15.3 Armour
 + Level 14.3 Dodging
 - Level 1.7 Stealth
 - Level 5.6 Shields
 - Level 7.5 Spellcasting
 + Level 7.7 Hexes
 + Level 12.7 Charms
 - Level 10.6 Necromancy
 - Level 3.0 Translocations
 - Level 4.1 Evocations


You had 6 spell levels left.
You knew the following spells:

 Your Spells              Type           Power        Failure   Level  Hunger
a - Cigotuvi's Embrace    Necr           #######...   11%         5    ####...
b - Animate Skeleton      Necr           N/A          1%          1    None
c - Vampiric Draining     Necr           #######...   2%          3    None
d - Apportation           Tloc           #####.....   11%         1    None
e - Blink                 Tloc           N/A          16%         2    None
f - Pain                  Necr           ####         1%          1    None
g - Silence               Hex/Air        ######....   87%         5    ####...
h - Haste                 Chrm           #######.     22%         6    ######.
m - Repel Missiles        Chrm/Air       ######       4%          2    None
r - Regeneration          Chrm/Necr      #######...   2%          3    None


Dungeon Overview and Level Annotations

Branches:
Dungeon (15/15)            Temple (0/1) D:7            Lair (8/8) D:9
 Shoals (4/4) Lair:6        Snake (4/4) Lair:6        Slime (6/6) Lair:6
    Orc (4/4) D:9             Elf (3/3) Orc:4        Vaults (5/5) D:14
  Crypt (0/3) Vaults:2     Depths (2/5) D:15

Shops:
D:7 =*   D:9 (   D:10 *=(:   D:14 }   Orc:4 =[*}   Elf:1 =   Elf:2 }
Shoals:1 [   Vaults:2 [

Portals:
Hell: Depths:1

Annotations:
D:3 Terence
D:8 Gastronok
D:10 warlockg3's ghost, novice DsFE
Depths:2 the Enchantress


Innate Abilities, Weirdness & Mutations

You have an increased reservoir of magic (+10% MP).
Your attributes are resistant to harm.
You have sharp toenails.
You have a somewhat thin skeletal structure (Dex +2, Stealth).
You are agile. (Dex +2)
Scrolls take you a little longer to read.
You can breathe flames.
Your body sometimes deteriorates upon taking damage.
You are robust (+10% HP).
Your spells are a little harder to cast, but a little more powerful.
You expend magic power (3 MP) to strengthen your wands.


Message History

The caustic shrike skeleton barely misses you.
You block the orc high priest's attack.
Unknown command.
Unknown command.
You hit something.
The caustic shrike skeleton completely misses you.
You block its attack. x2
Something hits you!
* * * LOW HITPOINT WARNING * * *
Unknown command.
Drink which item? (? for menu, Esc to quit)
You feel better.
The spriggan air mage waves its arms in wide circles.
The air twists around and strikes you! The caustic shrike skeleton claws you!!
* * * LOW HITPOINT WARNING * * *
The orc high priest prays to Beogh.
Unknown command.
Drink which item? (? for menu, Esc to quit)
You feel better. Something hits you!
You die...

....≈≈....≈# ≈
.....(....≈###) ...
######...≈≈##.. ...
#..≈..#.?. ..#
#..≈..#..# ..# .
#.....#..# ..#+#..
#.....#..# .......
#.....##.###Z......
#.....##ii)@{...#
#.....iie####o3.+
#.....#.i# .3#
#.....#..# ...
#.....#.... ...
#...iY###... ..
#...i.# ...# .
.....#...ii# ...#
.....#....i# ...#


You could see a deep elf annihilator, a spriggan rider, an ice devil, an orc
high priest, 2 spriggan air magi, a neqoxec, a spriggan and a caustic shrike
skeleton.

Vanquished Creatures
  the royal jelly (Slime:6)
  4 tentacled monstrosities
  2 golden dragons (Vaults:5)
  A lich (Vaults:5)
  2 quicksilver dragons (Vaults:5)
  A deep elf master archer (Elf:3)
  2 deep elf blademasters
  4 titans (Vaults:5)
  13 acid blobs
  A tentacled starspawn (Abyss:1)
  A kraken (Shoals:4)
  2 octopode crushers
  2 shadow dragons (Vaults:5)
  A sphinx (Vaults:5)
  Frances (D:12)
  4 storm dragons (Vaults:5)
  3 tengu reavers (Vaults:5)
  Kirke (D:12)
  8 greater nagas
  Ilsuiw (Shoals:4)
  7 azure jellies
  3 frost giants
  3 fire giants (Vaults:5)
  12 vault wardens
  Aizul (Shoals:3)
  Louise (Elf:2)
  11 deep elf sorcerers
  2 iron dragons (Vaults:5)
  An orc warlord (Orc:4)
  8 ironheart preservers
  4 very ugly things
  3 spriggan defenders (Depths:2)
  6 stone giants
  2 war gargoyles (Vaults:5)
  6 deep elf demonologists
  8 deep elf annihilators
  2 salamander stormcallers (Vaults:5)
  8 ettins
  5 merfolk javelineers
  Snorg (Lair:6)
  6 deep elf death magi (Elf:3)
  8 merfolk impalers
  A minotaur (Lab)
  2 crystal guardians
  8 yaktaur captains
  4 fire dragons
  Josephine (Shoals:1)
  31 vault guards
  4 death oozes (Slime:6)
  The ghost of Breadlance the Blocker, a journeyman MiFi of Trog (D:11)
  A rakshasa (Abyss:1)
  3 ice dragons
  7 great orbs of eyes
  8 deep elf high priests
  12 naga warriors
  3 hydras
  An entropy weaver (Depths:1)
  An ice dragon (shapeshifter) (Vaults:5)
  6 merfolk avatars
  Erica (D:10)
  A spriggan air mage (Depths:2)
  3 merfolk aquamancers (Shoals:4)
  A satyr (Shoals:4)
  14 dancing weapons
  3 catoblepae (Lair:8)
  16 anacondas
  A deep troll shaman (Vaults:5)
  3 centaur warriors
  A deep troll earth mage (Vaults:1)
  6 naga sharpshooters
  4 ogre magi
  4 orc high priests
  A spriggan berserker (Depths:2)
  24 death yaks
  A vampire mage (Vaults:2)
  14 deep elf knights
  An iron golem (WizLab)
  A wretched star (Abyss:1)
  4 shock serpents
  A shadow wraith (Vaults:5)
  3 fire crabs
  A salamander mystic (Snake:4)
  A flayed ghost (Depths:2)
  8 deep elf summoners
  9 deep trolls
  9 sea snakes
  6 unseen horrors
  3 harpies (shapeshifter)
  3 phantasmal warriors (Vaults:5)
  An ice devil (IceCv)
  13 harpies (Shoals:3)
  4 hill giants
  13 orc knights
  10 ironbrand convokers
  5 naga ritualists
  5 orc sorcerers
  2 giant orange brains
  An orb spider (shapeshifter) (WizLab)
  The ghost of kaze the Covered, a novice DsBe of Trog (Bailey)
  5 griffons
  18 ugly things
  13 deep elf conjurers
  4 mana vipers
  A hornet (Vaults:3)
  5 cyclopes
  A wolf spider (Vaults:4)
  3 worldbinders (Abyss:1)
  2 hornets (shapeshifter)
  2 salamanders (shapeshifter) (WizLab)
  2 water nymphs
  4 salamanders
  9 manticores
  9 sirens
  14 guardian serpents
  15 naga magi
  3 black mambas (shapeshifter)
  28 black mambas
  3 ice statues
  9 elephants
  5 shining eyes
  A centaur zombie (D:15)
  An octopode (shapeshifter) (WizLab)
  4 gargoyles (Lab)
  A spiny frog (shapeshifter) (WizLab)
  A komodo dragon (shapeshifter) (WizLab)
  8 large abominations
  4 spiny frogs
  3 eyes of devastation
  10 vault sentinels
  2 molten gargoyles (Volcano)
  A tormentor (Abyss:1)
  An efreet (D:10)
  A fire drake (shapeshifter) (WizLab)
  9 komodo dragons
  18 yaktaurs
  5 fire drakes
  A yaktaur (shapeshifter) (Vaults:1)
  5 freezing wraiths
  A demonic crawler (Abyss:1)
  A queen bee (shapeshifter) (WizLab)
  20 merfolk
  11 deep elf priests
  6 polar bears
  2 blink frogs (shapeshifter)
  7 blue devils (IceCv)
  5 trolls
  3 wind drakes (shapeshifter)
  A merfolk (shapeshifter) (WizLab)
  A polar bear (shapeshifter) (Depths:1)
  11 two-headed ogres
  23 blink frogs
  78 slime creatures
  A wind drake (Shoals:4)
  2 jumping spiders (shapeshifter)
  A raiju (Abyss:1)
  3 wyverns
  A shadow (D:11)
  4 redbacks (Depths:1)
  5 flying skulls (Abyss:1)
  2 snapping turtles
  3 trapdoor spiders
  4 vampires
  3 air elementals (Depths:2)
  5 hogs (shapeshifter)
  2 hogs (D:7)
  6 fire bats (Volcano)
  5 basilisks
  22 deep elf magi
  A trapdoor spider (shapeshifter) (WizLab)
  A wyvern (shapeshifter) (WizLab)
  6 wraiths
  47 yaks
  4 hungry ghosts
  2 wargs
  A human (D:7)
  20 deep elf fighters
  6 water elementals
  A spriggan (shapeshifter) (WizLab)
  9 hippogriffs
  A neqoxec (Abyss:1)
  4 wolves (Lair:5)
  2 mottled dragons
  9 water moccasins
  A black bear (D:12)
  43 nagas
  2 eyes of draining (shapeshifter) (WizLab)
  39 orc warriors
  2 porcupines
  A spider (shapeshifter) (WizLab)
  11 ice beasts
  An ettin simulacrum (Vaults:1)
  Purgy (D:4)
  20 ogres
  A sky beast (shapeshifter) (Vaults:5)
  5 sky beasts
  3 eyes of draining
  2 phantoms
  A black bear (shapeshifter) (WizLab)
  A big kobold (D:10)
  7 crocodiles
  An earth elemental (Lab)
  16 centaurs
  13 giant frogs
  A brain worm (Lair:6)
  9 wights
  15 small abominations
  An electric eel (Elf:3)
  2 lava snakes (Volcano)
  A crimson imp (D:5)
  2 quasits
  A giant frog skeleton (D:5)
  15 jellies
  20 orc priests
  26 orc wizards
  2 centaur skeletons
  An iron imp (Abyss:1)
  Jessica (D:2)
  9 hounds
  9 iguanas
  30 sheep
  7 worker ants
  2 hound zombies
  5 gnolls
  10 adders
  48 river rats
  2 shadow imps
  6 white imps (IceCv)
  4 giant eyeballs (WizLab)
  10 ufetubi
  An adder zombie (D:6)
  3 giant geckos
  126 orcs
  A ball python (D:3)
  2 bats
  3 giant cockroaches
  11 hobgoblins
  10 jackals
  18 kobolds
  5 quokkas
  4 giant newts
  10 goblins
  A jackal skeleton (D:4)
  A quokka zombie (D:5)
  3 rats
  A fungus (Lair:7)
  A starspawn tentacle (Abyss:1)
  4 tentacles (Shoals:4)
1659 creatures vanquished.

Vanquished Creatures (collateral kills)
  A death ooze (Slime:6)
  A hydra (Lair:1)
  3 yaks (D:9)
  2 hounds
  3 orc wizards
  A worm (D:4)
  2 orcs (D:4)
  A hobgoblin (D:4)
14 creatures vanquished.

Vanquished Creatures (others)
  A titan (Vaults:5)
  A tentacled monstrosity (Vaults:5)
  A sphinx (Vaults:5)
  A deep elf annihilator (Vaults:5)
  A minotaur (shapeshifter) (Vaults:5)
  A great orb of eyes (Vaults:5)
  2 deep elf high priests (Vaults:5)
  A yaktaur captain (Vaults:5)
  A deep elf knight (Elf:3)
  A deep troll (Vaults:5)
  An orc knight (Vaults:5)
  A phantasmal warrior (Vaults:5)
  A naga mage (Snake:1)
  A deep elf priest (Vaults:5)
  A troll (Vaults:5)
  A redback (shapeshifter) (Vaults:5)
  A soldier ant (D:10)
  2 orc warriors (Vaults:5)
  2 ogres
  2 orc wizards (Vaults:5)
  2 white imps (IceCv)
  An ufetubus (IceCv)
  An orc (Vaults:5)
  A bush (Lair:8)
  A crawling corpse (Vaults:5)
  A fire vortex (Vaults:5)
  8 fungi
  15 plants
  2 starspawn tentacles (Abyss:1)
  44 starspawn tentacle segments (Abyss:1)
  17 tentacles (Shoals:4)
  1949 tentacle segments (Shoals:4)
2066 creatures vanquished.

Grand Total: 3739 creatures vanquished

Notes
Turn   | Place    | Note
--------------------------------------------------------------
     0 | D:1      | jacquesderrida the Demigod Necromancer began the quest for the Orb.
     0 | D:1      | Reached XP level 1. HP: 14/14 MP: 5/5
    57 | D:1      | Learned a level 1 spell: Animate Skeleton
   128 | D:1      | Reached skill level 1 in Fighting
   316 | D:1      | Reached XP level 2. HP: 23/23 MP: 7/7
   377 | D:2      | Noticed Jessica
   385 | D:2      | Killed Jessica
   385 | D:2      | Reached XP level 3. HP: 27/30 MP: 8/8
   439 | D:2      | Learned a level 3 spell: Regeneration
   578 | D:2      | Found a shattered altar of Ashenzari.
   586 | D:2      | PLS
   740 | D:3      | Noticed Terence
   864 | D:3      | Found an iron altar of Okawaru.
   929 | D:4      | Gained mutation: You are agile. (Dex +2) [potion of mutation]
   929 | D:4      | Gained mutation: You are robust (+10% HP). [potion of mutation]
   929 | D:4      | Gained mutation: Your spells are a little harder to cast, but a little more powerful. [potion of mutation]
   938 | D:4      | Reached XP level 4. HP: 1/44 MP: 0/9
  1201 | D:4      | Noticed an ogre
  1309 | D:4      | Killed an ogre
  1309 | D:4      | Reached skill level 4 in Fighting
  1309 | D:4      | Reached XP level 5. HP: 38/51 MP: 2/10
  1410 | D:4      | Reached skill level 5 in Fighting
  1445 | D:3      | Noticed Purgy
  1461 | D:4      | Killed Purgy
  1515 | D:4      | Gained mutation: You have a somewhat thin skeletal structure (Dex +2, Stealth). [potion of beneficial mutation]
  1549 | D:5      | Entered Level 5 of the Dungeon
  1639 | D:5      | Reached XP level 6. HP: 61/61 MP: 11/11
  1643 | D:5      | Reached skill level 1 in Polearms
  1711 | D:5      | Reached skill level 1 in Charms
  1747 | D:5      | Noticed an ogre
  1755 | D:5      | Learned a level 3 spell: Vampiric Draining
  1767 | D:5      | Killed an ogre
  2174 | D:6      | Reached skill level 1 in Long Blades
  2174 | D:6      | Reached XP level 7. HP: 62/67 MP: 12/12
  2473 | D:6      | Noticed a wyvern
  2510 | D:6      | Found a stormy altar of Qazlal.
  2548 | D:6      | Killed a wyvern
  2578 | D:6      | Reached skill level 5 in Necromancy
  2597 | D:7      | Found a burning altar of Makhleb.
  2708 | D:7      | Found Hiupnoocw's Jewellery Shoppe.
  2819 | D:7      | Found Adaucwof's General Store.
  2827 | D:7      | Bought a scroll of teleportation for 30 gold pieces
  2851 | D:7      | Reached XP level 8. HP: 69/75 MP: 13/13
  2860 | D:7      | Reached skill level 6 in Necromancy
  2903 | D:7      | Found a staircase to the Ecumenical Temple.
  2951 | D:7      | Identified a +1 rod of the swarm (13/13) (You found it on level 7 of the Dungeon)
  3309 | D:8      | Reached skill level 5 in Long Blades
  3638 | D:8      | Found a deep blue altar of Sif Muna.
  3643 | D:8      | Reached skill level 7 in Necromancy
  3644 | D:8      | Found a white marble altar of Elyvilon.
  3662 | D:8      | Noticed Gastronok
  3689 | D:8      | DA
  3863 | D:9      | Found a staircase to the Orcish Mines.
  4029 | D:9      | Reached XP level 9. HP: 41/81 MP: 1/14
  4098 | D:9      | Found Loagaazu's Weapon Emporium.
  4343 | D:9      | Found a staircase to the Lair.
  4371 | D:9      | Reached skill level 8 in Necromancy
  4554 | D:9      | Found a snail-covered altar of Cheibriados.
  4656 | D:9      | Found a deep blue altar of Sif Muna.
  4759 | D:9      | Bought a +4 scimitar of electrocution for 416 gold pieces
  4933 | D:10     | Entered Level 10 of the Dungeon
  4945 | D:10     | Found Yzynan's Weapon Emporium.
  4994 | D:10     | Noticed a brown ugly thing
  4999 | D:10     | Noticed an efreet
  5005 | D:10     | Killed a brown ugly thing
  5005 | D:10     | Reached skill level 9 in Long Blades
  5008 | D:10     | Killed an efreet
  5054 | D:10     | Noticed a fire crab
  5061 | D:10     | Reached XP level 10. HP: 74/90 MP: 15/15
  5144 | D:10     | Noticed a hill giant
  5164 | D:10     | Killed a hill giant
  5164 | D:10     | Reached skill level 10 in Long Blades
  5185 | D:10     | Found Huerphal's Book Shop.
  5211 | D:10     | Got a bronze leather armour
  5295 | D:10     | Identified the +2 leather armour of the Cast Vote {rElec Slay+3} (You found it on level 10 of the Dungeon)
  5354 | Lair:1   | Entered Level 1 of the Lair of Beasts
  5518 | Lair:1   | Noticed a seven-headed hydra
  5592 | D:10     | Noticed Erica
  5597 | D:10     | Found Jeotiam's Jewellery Emporium.
  5604 | D:10     | Noticed warlockg3's ghost (novice DsFE)
  5681 | D:10     | Found Quqofyshai's Assorted Antiques.
  5784 | D:10     | Noticed a six-headed hydra
  5784 | D:10     | Noticed an orc knight
  5883 | D:10     | Killed a fire crab
  6049 | D:11     | Noticed a hill giant
  6129 | D:10     | Noticed a gargoyle
  6193 | D:10     | Killed a hill giant
  6427 | Lair:2   | Found a frozen archway.
  6510 | IceCv    | Entered an ice cave
  6579 | IceCv    | Reached skill level 11 in Long Blades
  6579 | IceCv    | Reached XP level 11. HP: 101/101 MP: 12/17
  6738 | IceCv    | Reached skill level 5 in Dodging
  6749 | IceCv    | Noticed an ice devil
  6770 | IceCv    | Killed an ice devil
  6773 | IceCv    | Identified the Disquisition on Dislocation
  7084 | Lair:2   | Got a sparkling bone ring
  7088 | Lair:2   | Identified the ring of Yruammy {*Contam rElec MP+9 Str-2 Int+5} (You found it on level 2 of the Lair of Beasts)
  7163 | Lair:2   | Noticed a griffon
  7163 | Lair:2   | Reached skill level 1 in Shields
  7181 | Lair:2   | Killed a griffon
  7757 | Lair:4   | Reached XP level 12. HP: 109/113 MP: 18/18
  7763 | Lair:4   | Reached skill level 12 in Long Blades
  7867 | Lair:4   | Noticed a six-headed hydra
  7885 | Lair:4   | Killed a one-headed hydra
  7971 | Lair:5   | Found a dark tunnel.
  7993 | Volcano  | Entered a volcano
  8167 | Volcano  | Found a burning altar of Makhleb.
  8192 | Volcano  | Reached skill level 5 in Shields
  8722 | Lair:6   | Found a staircase to the Slime Pits.
  8867 | Lair:6   | Found a staircase to the Snake Pit.
  9145 | Lair:7   | Reached skill level 10 in Fighting
  9300 | Lair:8   | Entered Level 8 of the Lair of Beasts
  9343 | Lair:8   | Noticed a four-headed hydra
  9368 | Lair:8   | Reached XP level 13. HP: 75/124 MP: 19/19
  9385 | Lair:8   | Reached skill level 13 in Long Blades
  9432 | Lair:8   | Killed a 12-headed hydra
 10085 | Lair:8   | Reached skill level 10 in Dodging
 10406 | Lair:6   | Noticed Snorg
 10418 | Lair:6   | Reached XP level 14. HP: 136/136 MP: 20/20
 10435 | Lair:6   | Killed Snorg
 10435 | Lair:6   | Reached skill level 14 in Long Blades
 10507 | Lair:6   | Found a staircase to the Shoals.
 10866 | Lair:1   | Learned a level 1 spell: Apportation
 10869 | Lair:1   | Learned a level 2 spell: Blink
 10902 | Orc:1    | Entered Level 1 of the Orcish Mines
 11119 | Orc:2    | Reached skill level 1 in Armour
 11159 | Orc:2    | Found a flagged portal.
 11169 | Bailey   | Entered a bailey
 11176 | Bailey   | Noticed kaze's ghost (novice DsBe)
 11200 | Bailey   | Killed kaze's ghost
 11201 | Bailey   | LOL LOKH EBANY!!!!
 11338 | Bailey   | Got a jewelled scale mail
 11415 | Bailey   | Identified the +2 scale mail "Feim" {rPois Regen+ MP+9 Str+4} (You found it in a bailey)
 11699 | Orc:4    | Entered Level 4 of the Orcish Mines
 11699 | Orc:4    | Found Icwilaq's Antique Armour Emporium.
 11699 | Orc:4    | Found Katzag's Assorted Antiques.
 11699 | Orc:4    | Found Nofi's Jewellery Shop.
 11715 | Orc:4    | Reached skill level 1 in Translocations
 11720 | Orc:4    | Paralysed by an orc sorcerer for 4 turns
 11862 | Orc:4    | Found a gateway to a bazaar.
 11871 | Bazaar   | Entered a bazaar
 11875 | Bazaar   | Found Vuxon's Antique Weapon Shop.
 11883 | Bazaar   | GAMNO #1
 11889 | Bazaar   | Found Wivior's Assorted Antiques.
 11932 | Bazaar   | Found Qidur's Weapon Shop.
 11946 | Bazaar   | Found Urov's Armour Boutique.
 11962 | Bazaar   | Found Omiel's Antique Armour Emporium.
 11983 | Bazaar   | Bought a glowing buckler for 126 gold pieces
 11983 | Bazaar   | Bought a bloodstained scale mail for 252 gold pieces
 11983 | Bazaar   | Bought a distressingly furry ring mail for 252 gold pieces
 12005 | Bazaar   | Identified the cursed +1 ring mail of Dishonesty {Dex+2} (You bought it in a shop in a bazaar)
 12017 | Bazaar   | Identified the +0 scale mail of the Turtle {+Inv} (You bought it in a shop in a bazaar)
 12024 | Bazaar   | PIZDEC
 12094 | Bazaar   | Bought a scroll labeled DOECOL TUBLOGG for 33 gold pieces
 12094 | Bazaar   | Bought a jewelled bone wand for 132 gold pieces
 12094 | Bazaar   | Bought a scroll of identify for 66 gold pieces
 12308 | Orc:4    | Found Liugapal's Gadget Shop.
 12349 | Orc:4    | Bought a scroll of enchant armour for 225 gold pieces
 12349 | Orc:4    | Bought a runed fluorescent wand for 120 gold pieces
 12349 | Orc:4    | Bought a blackened emerald ring for 150 gold pieces
 12433 | Orc:4    | Noticed an orc warlord
 12467 | Orc:4    | Killed an orc warlord
 12551 | Orc:4    | Found a staircase to the Elven Halls.
 12586 | Elf:1    | Entered Level 1 of the Elven Halls
 12834 | Elf:1    | Identified the Compendium of Battle Magic
 12983 | Elf:1    | Found Jeagg's Jewellery Boutique.
 13207 | Elf:2    | Reached skill level 5 in Armour
 13221 | Elf:2    | Found a runed gate.
 13221 | Elf:2    | Found a runed gate.
 13222 | Elf:2    | Found a runed gate.
 13250 | Elf:2    | Found a magical portal.
 13255 | WizLab   | Entered Cigotuvi's Fleshworks
 13491 | WizLab   | Paralysed by a giant eyeball for 4 turns
 13535 | WizLab   | Paralysed by a giant eyeball for 3 turns
 13576 | WizLab   | Paralysed by a giant eyeball for 3 turns
 13614 | WizLab   | Paralysed by a giant eyeball for 2 turns
 13627 | WizLab   | Paralysed by a giant eyeball for 3 turns
 13714 | WizLab   | Identified Cigotuvi's Compendium of Mutagenic Sinister Arts
 13726 | WizLab   | Learned a level 5 spell: Cigotuvi's Embrace
 13732 | WizLab   | Identified the Tome of Shape Shifting (You found it in a wizard's laboratory)
 13913 | WizLab   | Reached XP level 15. HP: 147/149 MP: 21/21
 13989 | WizLab   | Noticed Cigotuvi's Monster
 14017 | WizLab   | Killed Cigotuvi's Monster
 14131 | WizLab   | Gained mutation: You have sharp toenails. [potion of beneficial mutation]
 14145 | WizLab   | Gained mutation: You can breathe flames. [potion of beneficial mutation]
 14329 | Elf:2    | Found Urphio's Gadget Shop.
 14332 | Elf:2    | Bought a wand of disintegration (13) for 272 gold pieces
 14479 | Elf:3    | Entered Level 3 of the Elven Halls
 14514 | Elf:3    | Found a flickering gateway to a bazaar.
 14554 | Bazaar   | Entered a bazaar
 14554 | Bazaar   | Found Coragum's Distillery.
 14554 | Bazaar   | Found Tatec's Armour Emporium.
 14555 | Bazaar   | Found Numahee's Distillery.
 14555 | Bazaar   | Found Erakam's Assorted Antiques.
 14590 | Bazaar   | Bought a +1 helmet of intelligence for 198 gold pieces
 14620 | Bazaar   | Bought a potion of agility for 48 gold pieces
 14628 | Bazaar   | Bought 2 potions of heal wounds for 120 gold pieces
 14628 | Bazaar   | Bought 2 potions of curing for 72 gold pieces
 14628 | Bazaar   | Bought 2 potions of heal wounds for 120 gold pieces
 14628 | Bazaar   | Bought a potion of curing for 36 gold pieces
 14628 | Bazaar   | Bought a potion of curing for 36 gold pieces
 14632 | Bazaar   | Bought a potion of cancellation for 96 gold pieces
 14669 | Elf:3    | Found a radiant altar of Vehumet.
 14704 | Elf:3    | Noticed Louise
 14754 | Elf:2    | Killed Louise
 15226 | Elf:3    | Noticed a Brimstone Fiend
 15237 | Elf:3    | Reached skill level 1 in Evocations
 15336 | Elf:3    | Noticed an Executioner
 15340 | Elf:3    | Noticed an Executioner
 15450 | Elf:3    | Noticed a deep elf master archer
 15457 | Elf:3    | Noticed a deep elf blademaster
 15458 | Elf:3    | Noticed a Shadow Fiend
 15468 | Elf:3    | Noticed a Hell Sentinel
 15484 | Elf:3    | Killed a deep elf blademaster
 15495 | Elf:3    | Killed a deep elf master archer
 15560 | Elf:3    | Noticed an Ice Fiend
 15576 | Elf:3    | Cast into the Abyss (a deep elf demonologist)
 15703 | Abyss:1  | Gained mutation: Your body sometimes deteriorates upon taking damage. [a neqoxec]
 15717 | Abyss:1  | Gained mutation: You expend magic power (3 MP) to strengthen your wands. [a neqoxec]
 15759 | Abyss:1  | Noticed a tentacled starspawn
 15774 | Abyss:1  | Killed a tentacled starspawn
 15774 | Abyss:1  | Reached skill level 5 in Charms
 16048 | Elf:3    | Escaped the Abyss
 16083 | Elf:3    | Reached XP level 16. HP: 134/160 MP: 26/26
 16169 | Elf:3    | Got a distressingly furry helmet
 16180 | Elf:3    | Identified the +2 helmet "Xiosuaqy" {rC- Regen+ Int+3} (You found it on level 3 of the Elven Halls)
 16261 | Elf:3    | Got a pair of fine boots
 16267 | Elf:3    | Identified the +3 pair of boots "Umeikumi" {rN+ Stlth+} (You found it on level 3 of the Elven Halls)
 16288 | Elf:3    | Got a heavily runed scale mail
 16302 | Elf:3    | Identified the +2 scale mail "Zuunug" {rCorr Int+4 Slay+2 SInv} (You took it off a deep elf high priest on level 3 of the Elven Halls)
 16322 | Elf:3    | Identified the Papyrus of Torrid Confrontation
 16335 | Elf:3    | Identified the Reference Book on Supportive Aid
 16339 | Elf:3    | Learned a level 2 spell: Repel Missiles
 16354 | Elf:3    | Identified the Collected Works on the Oath and Confrontation (You found it on level 3 of the Elven Halls)
 16427 | Elf:3    | Got a faintly glowing ruby amulet
 16429 | Elf:3    | Identified the amulet "Areil" {Inacc rPois} (You found it on level 3 of the Elven Halls)
 16555 | Elf:3    | Reached skill level 10 in Armour
 16820 | Orc:3    | Reached skill level 5 in Spellcasting
 17127 | Elf:1    | Bought the amulet of Free Expression {rCorr rElec Int+4 Dex+3 Slay+2} for 913 gold pieces
 17408 | Snake:1  | Entered Level 1 of the Snake Pit
 17556 | Snake:1  | Got a distressingly furry leather armour
 18038 | Snake:4  | Entered Level 4 of the Snake Pit
 19012 | Snake:4  | Reached skill level 10 in Necromancy
 19204 | Snake:4  | Reached XP level 17. HP: 86/167 MP: 32/32
 19449 | Snake:4  | Got a serpentine rune of Zot
 20033 | Shoals:1 | Entered Level 1 of the Shoals
 20054 | Shoals:1 | Found Kyrr's Antique Armour Boutique.
 20063 | Shoals:1 | Bought a distressingly furry scale mail for 261 gold pieces
 20085 | Shoals:1 | Identified the +11 scale mail "Vaddao" {rPois rF+ Stlth+} (You bought it in a shop on level 1 of the Shoals)
 20211 | Shoals:1 | Noticed Josephine
 20225 | Shoals:1 | Killed Josephine
 20584 | Shoals:3 | Noticed Aizul
 20600 | Shoals:3 | Killed Aizul
 20868 | Shoals:4 | Entered Level 4 of the Shoals
 21050 | Shoals:4 | Noticed Ilsuiw
 21085 | Shoals:4 | Killed Ilsuiw
 21319 | Shoals:4 | Got a barnacled rune of Zot
 21691 | Shoals:4 | Reached XP level 18. HP: 153/177 MP: 34/34
 21853 | Slime:1  | Entered Level 1 of the Pits of Slime
 22209 | Slime:3  | Paralysed by a great orb of eyes for 7 turns
 22338 | Slime:5  | Reached skill level 15 in Long Blades
 22366 | Slime:6  | Entered Level 6 of the Pits of Slime
 22427 | Slime:6  | Reached skill level 15 in Fighting
 22740 | Slime:6  | Found a viscous altar of Jiyva.
 22740 | Slime:6  | Noticed the royal jelly
 22783 | Slime:6  | Killed the royal jelly
 22806 | Slime:6  | Gained mutation: Scrolls take you a little longer to read. [a shining eye]
 22828 | Slime:6  | Reached skill level 10 in Charms
 22891 | Slime:6  | Got a fine helmet
 22902 | Slime:6  | Identified the +0 helmet of Lesser Demons {Str+3} (You found it on level 6 of the Pits of Slime)
 22928 | Slime:6  | Got a glittering platinum amulet
 22930 | Slime:6  | Identified the amulet "Qabruq" {Gourm rN+ Slay+3} (You found it on level 6 of the Pits of Slime)
 22972 | Slime:6  | Identified the Reference Book on Battle Magic and Beguiling
 22989 | Slime:6  | Got an ancient golden ring
 22991 | Slime:6  | Identified the ring "Ikieni" {Int+2 Stlth-} (You found it on level 6 of the Pits of Slime)
 23038 | Slime:6  | Identified the Papyrus of Freezing Damage Dealing (You found it on level 6 of the Pits of Slime)
 23051 | Slime:6  | Got a slimy rune of Zot
 23347 | Lair:1   | Killed a 16-headed hydra
 23366 | Lair:1   | Learned a level 5 spell: Silence
 23436 | D:10     | Bought a book of Enchantments for 600 gold pieces
 23443 | D:10     | Learned a level 6 spell: Haste
 23849 | D:10     | Killed Erica
 23981 | Elf:2    | Noticed a deep elf blademaster
 24256 | Elf:2    | Killed a deep elf blademaster
 24256 | Elf:2    | Reached XP level 19. HP: 149/181 MP: 35/35
 24335 | Elf:2    | Reached skill level 1 in Hexes
 24407 | D:11     | Noticed Breadlance's ghost (journeyman MiFi)
 24420 | D:11     | Killed Breadlance's ghost
 24572 | D:12     | Noticed Frances
 24585 | D:12     | Killed Frances
 24655 | D:12     | Noticed Kirke
 24668 | D:12     | Killed Kirke
 24974 | D:14     | Found a gate to the Vaults.
 25109 | D:14     | Found Loghux's Gadget Boutique.
 25149 | D:14     | Found a labyrinth entrance.
 25163 | Lab      | Entered a labyrinth
 25240 | Lab      | Found an exit through the horrors of the Abyss.
 25619 | Lab      | Identified Lehudib's Tome of Blistering Conjuration (You found it in a labyrinth)
 25622 | Lab      | MDE
 25656 | D:14     | Found an opulent altar of Gozag.
 25865 | D:15     | Entered Level 15 of the Dungeon
 25951 | D:15     | Found an ancient bone altar of Kikubaaqudgha.
 26041 | D:15     | Found a staircase to the Depths.
 26367 | Vaults:1 | Entered Level 1 of the Vaults
 27472 | Vaults:2 | Found a staircase to the Crypt.
 27761 | Vaults:2 | Reached skill level 16 in Fighting
 27797 | Vaults:2 | Found Kirybric's Armour Shop.
 28216 | Vaults:5 | Entered Level 5 of the Vaults
 28232 | Vaults:5 | Reached XP level 20. HP: 169/192 MP: 36/36
 28232 | Vaults:5 | Reached skill level 5 in Hexes
 28336 | Vaults:5 | Noticed a golden dragon
 28362 | Vaults:5 | Killed a golden dragon
 29117 | Vaults:5 | Reached skill level 15 in Armour
 29233 | Vaults:5 | Reached XP level 21. HP: 209/209 MP: 37/37
 29249 | Vaults:5 | Got an ichor-stained chain mail
 29260 | Vaults:5 | Identified the +1 chain mail of Plasticity {Dex+3} (You found it on level 5 of the Vaults)
 29454 | Vaults:5 | Got a silver rune of Zot
 29662 | Vaults:5 | Got a smoking chain mail
 29673 | Vaults:5 | Identified the +9 chain mail of Duffurou {Regen+ Dex+2} (You found it on level 5 of the Vaults)
 29786 | Vaults:5 | HP: 5/209 [dire flail of protection (25)]
 30011 | Vaults:5 | Noticed a golden dragon
 30036 | Vaults:5 | Killed a golden dragon
 30192 | Vaults:5 | Reached skill level 17 in Fighting
 30553 | Depths:1 | Entered Level 1 of the Depths
 30635 | Depths:1 | Found a gateway to Hell.
 31071 | Depths:2 | KEK
 31185 | Depths:2 | Noticed the Enchantress
 31186 | Depths:2 | Noticed a juggernaut
 31291 | Depths:2 | CHE
 31295 | Depths:2 | HP: 10/210 [something (11)]
 31296 | Depths:2 | HP: 1/210 [caustic shrike skeleton[a necromancer] (19)]
 31297 | Depths:2 | Slain by the Enchantress

Action                   |  1- 3 |  4- 6 |  7- 9 | 10-12 | 13-15 | 16-18 | 19-21 || total
-------------------------+-------+-------+-------+-------+-------+-------+-------++-------
Melee: Short sword       |     8 |       |       |       |       |       |       ||     8
       Whip              |    69 |       |       |       |       |       |       ||    69
       Spear             |    19 |    58 |       |       |       |       |       ||    77
       Trident           |       |   134 |       |       |       |       |       ||   134
       Falchion          |       |     7 |    71 |       |       |       |       ||    78
       Great sword       |       |       |   208 |    71 |       |       |       ||   279
       Scimitar          |       |       |    46 |   204 |       |       |       ||   250
       Demon blade       |       |       |       |   626 |  1768 |  2740 |  2261 ||  7395
Throw: Tomahawk          |       |       |     3 |       |       |       |       ||     3
 Cast: Pain              |    22 |    13 |       |       |       |       |       ||    35
       Regeneration      |     1 |     3 |     9 |    30 |    24 |    13 |     7 ||    87
       Animate Skeleton  |       |     3 |       |       |       |       |       ||     3
       Vampiric Draining |       |     4 |    23 |    10 |       |       |       ||    37
       Cigotuvi's Embrac |       |       |       |       |     1 |       |       ||     1
       Repel Missiles    |       |       |       |       |       |     4 |     4 ||     8
       Haste             |       |       |       |       |       |       |     1 ||     1
 Abil: Evoke Berserk Rag |       |       |       |       |     6 |       |       ||     6
       Breathe Fire      |       |       |       |       |     1 |       |       ||     1
Evoke: Rod               |       |       |     5 |       |       |       |       ||     5
       Wand              |       |       |       |       |     3 |    11 |     4 ||    18
       Lamp of fire      |       |       |       |       |       |     1 |       ||     1
       Phantom mirror    |       |       |       |       |       |     1 |       ||     1
       Fan of gales      |       |       |       |       |       |       |     1 ||     1
  Use: Potion            |     3 |     2 |     3 |     2 |    11 |    10 |    12 ||    43
       Scroll            |       |     9 |     7 |    11 |    10 |     7 |     6 ||    50
 Stab: Sleeping          |     4 |     2 |    13 |    18 |     6 |    12 |    24 ||    79
       Distracted        |       |       |     4 |       |     5 |     5 |     4 ||    18
       Petrified         |       |       |       |       |     2 |       |       ||     2
       Fleeing           |       |       |       |       |       |     1 |       ||     1
  Eat: Chunk             |       |     7 |    15 |     9 |    18 |    11 |    13 ||    73
       Beef jerky        |       |       |     1 |     4 |     1 |     1 |       ||     7
       Meat ration       |       |       |       |     2 |     3 |     1 |       ||     6
       Bread ration      |       |       |       |     2 |       |       |       ||     2
       Fruit             |       |       |       |       |     3 |    10 |     3 ||    16
       Royal jelly       |       |       |       |       |       |     1 |     1 ||     2
       Pizza             |       |       |       |       |       |     1 |     7 ||     8
